 Dungeon Crawl Stone Soup version 0.30.1-3-gfc49f6343a (webtiles) character file.

Game seed: 3954669724385521097

21644 DemonSlayer the Thaumaturge (level 12, -3/80 HPs)
             Began as a Demonspawn Earth Elementalist on July 24, 2023.
             Was an Elder of Dithmenos.
             Slain by an eight-headed hydra (9 damage)
             ... on level 5 of the Lair of Beasts.
             The game lasted 00:32:55 (15018 turns).

DemonSlayer the Thaumaturge (DsEE)                 Turns: 15018, Time: 00:32:55

Health: -3/80      AC: 10    Str: 18    XL:     12   Next: 56%
Magic:  4/27       EV: 16    Int: 20    God:    Dithmenos [****..]
Gold:   405        SH:  0    Dex: 26    Spells: 11/33 levels left

rFire   . . .        m - +2 dagger (drain)
rCold   . . .        (no shield)
rNeg    . . .        e - +3 leather armour {rC+}
rPois   .            (helmet restricted)
rElec   .            h - +1 cloak of Lodiptal {rC- Str+8 Int-2 Dex+8}
rCorr   .            y - +0 pair of gloves
SInv    .            u - +0 pair of boots
Will    .....        b - amulet of magic regeneration
Stlth   ++++++       l - +6 ring of intelligence
HPRegen 0.33/turn    a - ring of flight
MPRegen 0.60/turn

%: no passive effects
@: about to teleport, flying, wreathed by umbra
A: antennae 2, demonic guardian 3, spiny 1, sturdy frame 2
a: Renounce Religion, Shadow Step


You were on level 5 of the Lair of Beasts.
You worshipped Dithmenos.
Dithmenos was greatly pleased with you.
You visited 3 branches of the dungeon, and saw 15 of its levels.

You collected 1175 gold pieces.
You spent 770 gold pieces at shops.

Inventory:

Hand Weapons
 m - a +2 dagger of draining (weapon)
Missiles
 i - 8 curare-tipped darts
Armour
 e - a +3 leather armour of cold resistance (worn)
 h - the +1 cloak of Lodiptal (worn) {rC- Str+8 Int-2 Dex+8}
   (You bought it in a shop on level 3 of the Dungeon)

   Str:       It affects your strength (+8).
   Int:       It affects your intelligence (-2).
   Dex:       It affects your dexterity (+8).
   rC:        It makes you vulnerable to cold.
 u - a +0 pair of boots (worn)
 y - a +0 pair of gloves (worn)
Jewellery
 a - a ring of flight (right hand)
 b - an amulet of magic regeneration (around neck)
 l - a +6 ring of intelligence (left hand)
 E - a ring of see invisible
 F - a +6 ring of dexterity
Wands
 c - a wand of mindburst (6)
 o - a wand of iceblast (9)
 s - a wand of polymorph (10)
Scrolls
 j - 2 scrolls of blinking {unknown}
 k - 8 scrolls of vulnerability
 p - a scroll of amnesia
 v - a scroll of enchant armour {unknown}
 A - a scroll of torment
Potions
 f - 3 potions of curing
 g - 4 potions of attraction
 n - a potion of resistance
 r - 2 potions of mutation
 t - a potion of might {unknown}
 z - a potion of brilliance {unknown}
 B - a potion of berserk rage
 D - a potion of invisibility
 G - a potion of haste {unknown}
Miscellaneous
 C - a phial of floods


   Skills:
 + Level 2.9 Fighting
 + Level 2.5 Short Blades
 + Level 3.0 Throwing
 + Level 4.8 Dodging
 + Level 7.1 Stealth
 + Level 1.0 Shields
 + Level 11.0 Spellcasting
 + Level 9.7 Conjurations
 + Level 0.8 Transmutations
 + Level 10.3 Earth Magic


You had 11 spell levels left.
You knew the following spells:

 Your Spells              Type           Power      Damage    Failure   Level
a - Sandblast             Erth           100%       2d20      1%          1
b - Stone Arrow           Conj/Erth      100%       3d13      1%          3
c - Ignite Poison         Fire/Tmut/Pois 12%        N/A       17%         3
d - Petrify               Tmut/Erth      33%        N/A       6%          4
e - Passwall              Tmut/Erth      27%        N/A       1%          2
f - Shatter               Erth           25%        3d22*     100%        9

Your spell library contained the following spells:

 Spells                   Type           Power      Damage    Failure   Level
 Foxfire                  Conj/Fire      100%       2x1d9     1%          1
 Sticky Flame             Conj/Fire      30%        2d5       9%          4
 Lesser Beckoning         Tloc           22%        N/A       10%         2
 Gell's Gravitas          Tloc           11%        N/A       19%         3
 Ozocubu's Armour         Ice            11%        N/A       19%         3
 Teleport Other           Tloc           11%        N/A       19%         3
 Fireball                 Conj/Fire      15%        3d8       24%         5
 Manifold Assault         Tloc           11%        N/A       52%         4
 Starburst                Conj/Fire      15%        6d6       78%         6
 Metabolic Englaciation   Hex/Ice        5%         N/A       86%         5
 Dispersal                Tloc           5%         N/A       100%        6
 Plasma Beam              Fire/Air       5%         2x1d17    100%        6
 Simulacrum               Ice/Necr       5%         N/A       100%        6
 Disjunction              Tloc           5%         N/A       100%        8
 Ignition                 Fire           5%         3d4       100%        8
 Chain Lightning          Conj/Air       15%        3d20      100%        9
 Fire Storm               Conj/Fire      15%        8d4       100%        9


Dungeon Overview and Level Annotations

Branches:
Dungeon (9/15)             Temple (1/1) D:6            Lair (4/5) D:9
 Shoals (0/4) Lair:3        Snake (0/4) Lair:2
  Slime: Lair:4-5       Orc: D:9-12

Altars:
Ashenzari
Cheibriados
Dithmenos
Fedhas
Gozag
Hepliaklqana
Kikubaaqudgha
Makhleb
Nemelex Xobeh
Okawaru
Qazlal
Ru
Sif Muna
Trog
Uskayaw
Wu Jian
Xom
Yredelemnul

Shops:
D:3 [   D:7 *

Annotations:
Lair:1 Nergalle


Innate Abilities, Weirdness & Mutations

You have a pair of antennae on your head.
A powerful demonic guardian rushes to your aid.
You are partially covered in sharp spines.
Your movements are less encumbered by armour. (ER -4)


Message History

You kill the basilisk!
Dithmenos accepts your kill.
The komodo dragon hisses angrily.
A lindwurm comes into view.
The stone arrow hits the eight-headed hydra!!
The eight-headed hydra is moderately wounded.
A black mamba comes into view.
Unknown command.
You don't have enough magic to cast this spell.
Unknown command.
You don't have enough magic to cast this spell.
Unknown command.
You don't have enough magic to cast this spell.
Unknown command.
You don't have enough magic to cast this spell.
As you read the scroll of teleportation, it crumbles to dust.
You feel strangely unstable.
The black mamba hisses angrily.
The wyvern is struck by your spines. The wyvern misses you.
The eight-headed hydra is struck by your spines.
The eight-headed hydra bites you but does no damage.
The eight-headed hydra bites you. The eight-headed hydra bites you!
The eight-headed hydra misses you.
The eight-headed hydra closely misses you.
The eight-headed hydra bites you but does no damage.
The eight-headed hydra misses you. The eight-headed hydra bites you.
The wyvern is struck by your spines. The wyvern barely misses you.
Unknown command.
As you read the scroll of fog, it crumbles to dust.
The scroll dissolves into smoke.
The eight-headed hydra is struck by your spines.
The eight-headed hydra bites you! x2
* * * LOW HITPOINT WARNING * * *
The eight-headed hydra bites you but does no damage. x2
The eight-headed hydra bites you!
* * * LOW HITPOINT WARNING * * *
A demonic guardian appears!
The eight-headed hydra closely misses you.
The eight-headed hydra bites you!
You die...

#.## ...#
..... .....
......
#§.l..#
###§...k.#
##§@D..S...
#.§§l......
####3§.....
.......##
###.... ..
.Y......#
≈≈≈


.FP #S...S.{. #≈ .... P........ ..#J###........ ........§{..... You could see an
eight-headed hydra, a lindwurm, a komodo dragon, a black mamba, a wyvern (ally
target) and a friendly soul eater (summoned).

Vanquished Creatures
  2 hydras
  A death yak (Lair:1)
  2 skysharks
  Pikel (D:5)
  2 elephants (Lair:4)
  2 merfolk sirens (Lair:3)
  2 black mambas (Lair:5)
  A torpor snail (Lair:1)
  3 rime drakes
  6 cane toads
  3 komodo dragons
  A merfolk (Lair:3)
  A polar bear (Lair:1)
  Prince Ribbit (D:8)
  A troll (D:9)
  A blink frog (Lair:5)
  4 dream sheep (Lair:4)
  3 wyverns
  20 yaks
  4 steam dragons
  2 basilisks
  Grum (D:8)
  3 wargs (D:9)
  3 nagas (Lair:2)
  5 water moccasins
  4 orc warriors
  2 sky beasts
  An ice beast (D:5)
  3 ogres
  9 wolves
  A lemure (D:5)
  A phantom (D:5)
  3 kobold brigands
  10 bullfrogs
  A scorpion (D:4)
  A gnoll sergeant (D:5)
  6 killer bees (D:8)
  11 howler monkeys
  2 jellies
  3 hounds
  11 orc priests
  Natasha (twice) (D:3)
  11 orc wizards
  4 iguanas
  Robin (D:2)
  3 adders
  3 gnolls (D:5)
  A shadow imp (D:5)
  2 white imps (D:7)
  An ufetubus (D:5)
  3 worms
  2 dart slugs
  31 orcs
  A ball python (D:2)
  7 bats
  3 endoplasms
  6 giant cockroaches
  13 goblins
  11 hobgoblins
  6 jackals (D:3)
  5 quokkas
  8 frilled lizards
  18 kobolds
  3 rats
289 creatures vanquished.

Vanquished Creatures (collateral kills)
  2 komodo dragons (Lair:1)
  3 yaks
  An ice beast (D:8)
  A centaur (D:7)
  3 howler monkeys (D:8)
10 creatures vanquished.

Grand Total: 299 creatures vanquished

Notes
Turn   | Place    | Note
-------+----------+-------------------------------------------
     0 | D:1      | DemonSlayer the Demonspawn Earth Elementalist began the
                  | quest for the Orb.
     0 | D:1      | Reached XP level 1. HP: 13/13 MP: 3/3
   181 | D:1      | Gained mutation: You are partially covered in sharp spines.
                  | [demonic ancestry]
   181 | D:1      | Reached XP level 2. HP: 19/19 MP: 0/5
   666 | D:2      | Gained mutation: Your movements are slightly less
                  | encumbered by armour. (ER -2) [demonic ancestry]
   666 | D:2      | Reached XP level 3. HP: 17/25 MP: 0/6
   776 | D:2      | Noticed Robin
  1281 | D:2      | Killed Robin
  1282 | D:2      | Reached XP level 4. HP: 21/31 MP: 3/8
  1556 | D:2      | Learned a level 3 spell: Stone Arrow
  1560 | D:2      | Learned a level 3 spell: Ignite Poison
  1664 | D:3      | Noticed Natasha
  1667 | D:3      | Killed Natasha
  1771 | D:3      | Found Poithroc's Antique Armour Emporium.
  1966 | D:3      | Found a hazy altar of Hepliaklqana.
  2054 | D:3      | Noticed Natasha
  2059 | D:3      | Killed Natasha
  2060 | D:3      | Reached skill level 3 in Spellcasting
  2060 | D:3      | Gained mutation: A weak demonic guardian rushes to your
                  | aid. [demonic ancestry]
  2060 | D:3      | Reached XP level 5. HP: 19/36 MP: 4/9
  2660 | D:4      | Found a sacrificial altar of Ru.
  2728 | D:4      | Found an ancient bone altar of Kikubaaqudgha.
  2769 | D:4      | Noticed an ogre
  2973 | D:4      | Gained mutation: A demonic guardian rushes to your aid.
                  | [demonic ancestry]
  2973 | D:4      | Reached XP level 6. HP: 42/42 MP: 8/11
  3531 | D:4      | Reached skill level 4 in Spellcasting
  3904 | D:4      | Learned a level 4 spell: Petrify
  3907 | D:4      | Learned a level 2 spell: Passwall
  3918 | D:5      | Entered Level 5 of the Dungeon
  3924 | D:5      | Reached skill level 5 in Earth Magic
  3935 | D:5      | Reached skill level 1 in Short Blades
  3935 | D:5      | Reached XP level 7. HP: 26/47 MP: 9/13
  4575 | D:5      | Found a blossoming altar of Fedhas.
  4822 | D:5      | Reached skill level 5 in Spellcasting
  4904 | D:5      | Reached skill level 1 in Conjurations
  5073 | D:5      | Found a basalt altar of Yredelemnul.
  5082 | D:5      | Noticed an angel
  5105 | D:5      | Reached XP level 8. HP: 53/53 MP: 11/16
  5212 | D:5      | Noticed Pikel
  5245 | D:5      | Killed Pikel
  5246 | D:5      | Reached skill level 1 in Fighting
  5650 | D:5      | Found an iron altar of Okawaru.
  5782 | D:5      | Reached skill level 6 in Spellcasting
  5926 | D:5      | Identified a scroll of acquirement
  5926 | D:5      | Acquired 435 gold pieces
  6146 | D:3      | Bought a glowing leather armour for 145 gold pieces
  6146 | D:3      | Bought an ancient cloak for 275 gold pieces
  6146 | D:3      | Identified the +1 cloak of Lodiptal {rC- Str+8 Int-2 Dex+8}
                  | (You bought it in a shop on level 3 of the Dungeon)
  6269 | D:6      | Found a staircase to the Ecumenical Temple.
  6424 | Temple   | Entered the Ecumenical Temple
  6487 | Temple   | Became a worshipper of Dithmenos the Shadowed
  6564 | D:6      | Reached skill level 1 in Shields
  6797 | D:6      | Reached skill level 1 in Throwing
  6799 | D:6      | Gained mutation: You have a pair of small antennae on your
                  | head. [demonic ancestry]
  6799 | D:6      | Reached XP level 9. HP: 59/59 MP: 7/18
  7268 | D:7      | Found Reucylu's General Store.
  7294 | D:7      | Bought a scroll of teleportation for 42 gold pieces
  7294 | D:7      | Bought a potion of mutation for 112 gold pieces
  7294 | D:7      | Bought a wand of polymorph (10) for 196 gold pieces
  7434 | D:7      | Reached skill level 7 in Spellcasting
  7644 | D:7      | Reached * piety under Dithmenos
  7769 | D:7      | Reached skill level 5 in Conjurations
  7971 | D:7      | Found a sparkling altar of Nemelex Xobeh.
  8301 | D:7      | Learned a level 9 spell: Shatter
  8344 | D:8      | Gained mutation: You have a pair of antennae on your head.
                  | [demonic ancestry]
  8344 | D:8      | Reached XP level 10. HP: 59/66 MP: 15/21
  8354 | D:8      | Reached ** piety under Dithmenos
  8359 | D:8      | Reached skill level 8 in Spellcasting
  8499 | D:8      | Noticed Grum
  8508 | D:8      | Killed Grum
  8510 | D:8      | Noticed Prince Ribbit
  8529 | D:8      | Killed Prince Ribbit
  9117 | D:9      | Found a snail-covered altar of Cheibriados.
  9240 | D:9      | Found a staircase to the Lair.
  9249 | D:9      | Reached skill level 5 in Stealth
  9476 | D:9      | Reached *** piety under Dithmenos
  9773 | Lair:1   | Entered Level 1 of the Lair of Beasts
  9790 | Lair:1   | Noticed a cane toad
  9796 | Lair:1   | Killed a cane toad
  9797 | Lair:1   | Reached skill level 9 in Spellcasting
  9845 | Lair:1   | Noticed a cane toad
  9853 | Lair:1   | Killed a cane toad
 10031 | Lair:1   | Gained mutation: Your movements are less encumbered by
                  | armour. (ER -4) [demonic ancestry]
 10031 | Lair:1   | Reached XP level 11. HP: 65/72 MP: 10/24
 10565 | Lair:1   | Noticed Nergalle
 10689 | Lair:1   | Noticed a death yak
 10696 | Lair:1   | Killed a death yak
 11611 | Lair:2   | Noticed a seven-headed hydra
 11621 | Lair:2   | Killed a seven-headed hydra
 11621 | Lair:2   | Reached **** piety under Dithmenos
 11622 | Lair:2   | Reached skill level 10 in Spellcasting
 12273 | Lair:2   | Found a staircase to the Snake Pit.
 12538 | Lair:3   | Noticed a skyshark
 12546 | Lair:3   | Killed a skyshark
 12547 | Lair:3   | Gained mutation: A powerful demonic guardian rushes to your
                  | aid. [demonic ancestry]
 12547 | Lair:3   | Reached XP level 12. HP: 74/78 MP: 10/26
 12612 | Lair:3   | Found a staircase to the Shoals.
 13704 | Lair:3   | Noticed a four-headed hydra
 13710 | Lair:3   | Killed a four-headed hydra
 13812 | Lair:3   | Reached skill level 10 in Earth Magic
 14964 | Lair:4   | You are sucked into a shaft and drop 1 floor!
 14964 | Lair:5   | Entered Level 5 of the Lair of Beasts
 14971 | Lair:5   | Noticed a boulder beetle
 14981 | Lair:5   | Reached skill level 11 in Spellcasting
 15010 | Lair:5   | Noticed an eight-headed hydra
 15018 | Lair:5   | Slain by an eight-headed hydra

Illustrated notes

Levels and vault maps discovered:
D:1:      reono_arrival_forest_river, layout_basic
D:2:      layout_basic, uniq_robin
D:3:      layout_rooms, nicolae_hepliaklqana_hippocampus, serial_shops,
          nicolae_shop_crystal, serial_co_window_serial, co_window_paths_a,
          co_window_corner_a, co_window_corner_a, co_window_paths_b,
          co_window_paths_a, co_window_unsneaky_path_a, co_window_broadway_c,
          co_window_unsneaky_path_a, co_window_unsneaky_path_c, glass_columns_b,
          glass_columns_a, glass_columns_b, glass_columns_a, uniq_natasha
D:4:      layout_layer_cave, mainiacjoe_overflow_cross_hatched,
          kennysheep_little_box
D:5:      minmay_general_purpose_star, layout_cave_pools,
          grunt_temple_overflow_holy_war, elyvilon_altar_1,
          mainiacjoe_overflow_boulevard, lemuel_coloured_pillars_altar,
          corexii_leaking_fountain, uniq_pikel
D:6:      layout_basic, minmay_temple_entry_gardened_gates
D:7:      layout_loops_cross, nemelex_xobeh_ov_fountains_minmay, serial_shops,
          nicolae_shop_waterfront
D:8:      layout_cave_pools, minivault_23, uniq_prince_ribbit1, uniq_grum
D:9:      layout_rooms, cheibrodos_worm_habitat, erik_lair_orcish_takeover,
          lemuel_flamethrower_1
Temple:   nicolae_temple_bog_church
Lair:1:   layout_small_grid, grunt_megastairs_5, uniq_nergalle
Lair:2:   layout_roguey, nicolae_snake_entry_squirm, serial_bayou_shore_b
Lair:3:   layout_regular_city, elwin_shoals_entry_stream
Lair:4:   layout_cave_pods, grunt_forest_large_clearings, serial_bayou_shore_a
Lair:5:   cheibrodos_lair_end_hotspot, layout_regular_city,
          nicolae_slime_entry_field_trip, kennysheep_rathole

Skill      XL: |  1  2  3  4  5  6  7  8  9 10 11 12 |
---------------+-------------------------------------+-----
Earth Magic    | 3 4 5 6 7 8 9 10 | 10.3
Stealth        | 2 3 4 5 6 7 |  7.1
Spellcasting   | 3 4 5 6 7 9 10 11 | 11.0
Short Blades   | 1 2 |  2.5
Dodging        | 2 3 4 |  4.8
Conjurations   | 1 3 5 7 8 9 |  9.7
Fighting       | 1 2 |  2.9
Shields        | 1 |  1.0
Throwing       | 1 2 3 |  3.0
Transmutations | |  0.8

Action                     |  1- 3 |  4- 6 |  7- 9 | 10-12 || total
---------------------------+-------+-------+-------+-------++-------
  Melee: Dagger            |    16 |     8 |    28 |    73 ||   125
         Punch             |       |       |       |     1 ||     1
  Throw: Dart              |     4 |     3 |     9 |    15 ||    31
   Cast: Sandblast         |    47 |    58 |    15 |       ||   120
         Stone Arrow       |       |       |   109 |   230 ||   339
    Use: Scroll            |       |       |    14 |    17 ||    31
         Potion            |       |       |     1 |     5 ||     6
   Stab: Sleeping          |     5 |     3 |     4 |    13 ||    25
         Distracted        |       |       |       |     2 ||     2
 Armour: Robe              |     3 |     3 |     2 |       ||     8
         Leather armour    |       |       |    14 |    45 ||    59
  Dodge: Dodged            |    19 |     8 |    28 |   167 ||   222
  Block: Other             |     5 |     7 |     5 |       ||    17
